General information
- name: BNet
- type: Ladder team game (AT/RT)
- host: Battle.net
- saver: lllove
map: GolemsInTheMist
- players: 8
- length: 31:15
- speed: Fast
- version: 1.26 W3XP
- replay type: Public
» download(204 KB)
Players
team 1 (winner)
mecanim (
orange | 54 APM | 1695 actions | 31:14)
7 Mountain King
3 Storm Bolt
2 Bash
1 Thunder Clap
1 Avatar
5 Paladin
3 Holy Light
2 Divine Shield
2 Archmage
1 Summon Water Elemental
1 Blizzard
» actions
| Assign group hotkey | 53 | |
| Basic commands | 123 | |
| Build / train | 114 | |
| ESC pressed | 1 | |
| Enter build submenu | 20 | |
| Enter hero's abilities submenu | 15 | |
| Give item / drop item | 4 | |
| Right click | 328 | |
| Select / deselect | 289 | |
| Select group hotkey | 654 | |
| Use ability | 94 | |
1695 total
» units
| Peasant | 13 | |
| Footman | 10 | |
| Rifleman | 4 | |
| Mortar Team | 22 | |
| Knight | 15 | |
64 total
» upgrades
| Lumber Harvesting | 2 | |
| Fragmentation Shards | 1 | |
| Animal War Training | 1 | |
| Flare | 1 | |
| Long Rifles | 1 | |
| Barrage | 1 | |
| Masonry | 4 | |
11 total
» buildings
| Altar of Kings | 1 | |
| Barracks | 1 | |
| Farm | 9 | |
| Scout Tower | 3 | |
| Arcane Tower | 6 | |
| Lumber Mill | 1 | |
| Town Hall | 2 | |
| Keep | 1 | |
| Guard Tower | 2 | |
| Blacksmith | 1 | |
| Workshop | 1 | |
| Castle | 1 | |
| Arcane Vault | 1 | |
30 total
» build order
00:09 Altar of Kings
00:21 Barracks
00:35 Farm
01:05 Farm
01:21 Scout Tower
01:53 Arcane Tower
01:53 Arcane Tower
01:53 Arcane Tower
01:53 Arcane Tower
01:57 Farm
02:28 Farm
04:13 Lumber Mill
05:05 Town Hall
05:11 Scout Tower
05:30 Keep
06:14 Guard Tower
06:33 Blacksmith
07:03 Scout Tower
07:32 Guard Tower
08:15 Workshop
08:58 Castle
12:27 Town Hall
14:46 Farm
15:40 Farm
16:21 Farm
20:08 Farm
20:52 Farm
22:06 Arcane Vault
» items
| Scroll of Town Portal | 3 | |
| Orb of Lightning | 5 | |
8 total
lllove (
red | 57 APM | 1789 actions | 31:15)
6 Blood Mage
3 Flame Strike
2 Siphon Mana
1 Summon Phoenix
» actions
| Assign group hotkey | 46 | |
| Basic commands | 21 | |
| Build / train | 81 | |
| Enter build submenu | 35 | |
| Enter hero's abilities submenu | 6 | |
| Remove unit from queue | 1 | |
| Right click | 778 | |
| Select / deselect | 311 | |
| Select group hotkey | 385 | |
| Use ability | 125 | |
1789 total
» units
| Peasant | 19 | |
| Footman | 5 | |
| Goblin Shredder | 1 | |
| Sorceress | 4 | |
| Dragonhawk Rider | 4 | |
| Goblin Sapper | 6 | |
| Gryphon Rider | 1 | |
40 total
» upgrades
| Lumber Harvesting | 1 | |
| Sorceress Training | 1 | |
| Magic Sentry | 1 | |
| Cloud | 1 | |
| Masonry | 1 | |
5 total
» buildings
| Altar of Kings | 2 | |
| Barracks | 1 | |
| Farm | 8 | |
| Keep | 2 | |
| Lumber Mill | 1 | |
| Scout Tower | 12 | |
| Arcane Tower | 1 | |
| Arcane Vault | 1 | |
| Arcane Sanctum | 2 | |
| Guard Tower | 4 | |
| Gryphon Aviary | 4 | |
| Town Hall | 1 | |
| Castle | 2 | |
| Blacksmith | 2 | |
43 total
» build order
00:34 Altar of Kings
00:36 Barracks
00:49 Farm
00:50 Farm
01:04 Farm
01:42 Farm
03:36 Keep
03:47 Lumber Mill
03:48 Scout Tower
04:17 Arcane Tower
05:38 Scout Tower
05:38 Scout Tower
05:41 Arcane Vault
06:00 Arcane Sanctum
06:15 Guard Tower
06:32 Farm
08:52 Gryphon Aviary
08:53 Gryphon Aviary
08:53 Gryphon Aviary
08:54 Gryphon Aviary
10:50 Farm
10:51 Farm
10:52 Farm
11:09 Scout Tower
11:09 Scout Tower
11:09 Scout Tower
11:10 Scout Tower
11:16 Town Hall
11:59 Guard Tower
12:03 Guard Tower
13:33 Castle
14:48 Blacksmith
14:48 Blacksmith
21:20 Arcane Sanctum
21:24 Scout Tower
21:24 Scout Tower
21:26 Scout Tower
21:26 Scout Tower
21:59 Guard Tower
23:13 Altar of Kings
26:01 Keep
29:42 Castle
» items
| Scroll of Regeneration | 3 | |
| Lesser Clarity Potion | 2 | |
| Mechanical Critter | 2 | |
| Potion of Healing | 4 | |
| Potion of Mana | 3 | |
| Scroll of Town Portal | 4 | |
| Orb of Corruption | 1 | |
19 total

»
mattybatty (
green | 80 APM | 2493 actions | 31:14)
7 Tauren Chieftain
3 War Stomp
3 Endurance Aura
1 Reincarnation
» actions
| Assign group hotkey | 63 | |
| Basic commands | 19 | |
| Build / train | 138 | |
| Enter build submenu | 19 | |
| Enter hero's abilities submenu | 7 | |
| Give item / drop item | 1 | |
| Remove unit from queue | 4 | |
| Right click | 947 | |
| Select / deselect | 468 | |
| Select group hotkey | 686 | |
| Use ability | 141 | |
2493 total
» units
| Peon | 25 | |
| Grunt | 7 | |
| Shaman | 16 | |
| Troll Headhunter/Berserker | 24 | |
| Troll Witch Doctor | 12 | |
| Spirit Walker | -1 | |
| Tauren | 1 | |
84 total
» upgrades
| Shaman Training | 2 | |
| Witch Doctor Training | 2 | |
| Berserker Upgrade | 1 | |
| Troll Regeneration | 1 | |
| Reinforced Defenses | 1 | |
| Pulverize | 1 | |
| Armor | 2 | |
| Melee Weapons | 0 | |
| Ranged Weapons | 1 | |
11 total
» buildings
| Orc Burrow | 7 | |
| Altar of Storms | 1 | |
| Barracks | 2 | |
| Voodoo Lounge | 1 | |
| Stronghold | 4 | |
| War Mill | 1 | |
| Fortress | 1 | |
| Spirit Lodge | 2 | |
| Tauren Totem | 1 | |
| Great Hall | 2 | |
22 total
» build order
00:08 Orc Burrow
00:26 Altar of Storms
00:56 Barracks
01:36 Orc Burrow
02:12 Voodoo Lounge
02:33 Orc Burrow
03:35 Orc Burrow
03:45 Stronghold
03:45 Stronghold
03:45 Stronghold
04:44 Barracks
06:00 War Mill
06:13 Fortress
06:18 Spirit Lodge
06:58 Spirit Lodge
07:47 Orc Burrow
08:49 Tauren Totem
09:02 Orc Burrow
10:30 Great Hall
19:00 Orc Burrow
25:36 Great Hall
» items
| Scroll of Town Portal | 7 | |
| Potion of Healing | 1 | |
| Healing Salve | 1 | |
9 total
mirumir (
blue | 41 APM | 1296 actions | 31:14)
8 Dreadlord
3 Vampiric Aura
3 Carrion Swarm
1 Inferno
1 Sleep
» actions
| Basic commands | 22 | |
| Build / train | 78 | |
| Enter build submenu | 17 | |
| Enter hero's abilities submenu | 9 | |
| Give item / drop item | 3 | |
| Remove unit from queue | 5 | |
| Right click | 768 | |
| Select / deselect | 323 | |
| Use ability | 71 | |
1296 total
» units
| Acolyte | 3 | |
| Ghoul | 5 | |
| Gargoyle | 29 | |
| Abomination | 6 | |
| Obsidian Statue | 3 | |
46 total
» upgrades
| Creature Attack | 2 | |
| Creature Carapace | 2 | |
| Unholy Strength | 2 | |
| Unholy Armor | 1 | |
| Destroyer Form | 1 | |
8 total
» buildings
| Crypt | 2 | |
| Ziggurat | 5 | |
| Graveyard | 1 | |
| Altar of Darkness | 1 | |
| Tomb of Relics | 1 | |
| Halls of the Dead | 1 | |
| Necropolis | 2 | |
| Black Citadel | 1 | |
| Slaughterhouse | 2 | |
| Nerubian Tower | 1 | |
| Spirit Tower | 1 | |
18 total
» build order
00:27 Crypt
00:32 Ziggurat
00:47 Graveyard
01:11 Altar of Darkness
01:24 Tomb of Relics
01:50 Ziggurat
03:09 Halls of the Dead
04:17 Crypt
04:54 Ziggurat
05:10 Ziggurat
13:25 Necropolis
15:24 Black Citadel
16:42 Slaughterhouse
17:04 Ziggurat
17:14 Slaughterhouse
21:25 Nerubian Tower
21:27 Spirit Tower
28:11 Necropolis
» items
| Rod of Necromancy | 1 | |
| Scroll of Town Portal | 3 | |
| Potion of Healing | 5 | |
| Orb of Corruption | 1 | |
10 total
team 2 (loser)

»
ThugMasteR (
purple | 65 APM | 2014 actions | 31:09)
5 Blademaster
3 Wind Walk
2 Critical Strike
4 Shadow Hunter
2 Hex
2 Healing Wave
3 Tauren Chieftain
1 Endurance Aura
2 War Stomp
2 Priestess of the Moon
1 Trueshot Aura
1 Searing Arrows
2 Keeper of the Grove
1 Thorns Aura
1 Entangling Roots
» actions
| Assign group hotkey | 41 | |
| Build / train | 75 | |
| Enter build submenu | 16 | |
| Enter hero's abilities submenu | 17 | |
| Give item / drop item | 1 | |
| Right click | 949 | |
| Select / deselect | 429 | |
| Select group hotkey | 350 | |
| Use ability | 136 | |
2014 total
» units
| Peon | 8 | |
| Grunt | 3 | |
| Wind Rider | 4 | |
| Troll Batrider | 6 | |
| Dryad | 1 | |
| Wisp | 3 | |
| Druid of the Claw | 5 | |
30 total
» upgrades
| Melee Weapons | 1 | |
| Armor | 2 | |
| Ranged Weapons | 1 | |
| Envenomed Spears | 1 | |
| Reinforced Defenses | 1 | |
| Druid of the Claw Training | 2 | |
| Abolish Magic | 1 | |
| Reinforced Hides | 1 | |
| Mark of the Claw | 1 | |
| Strength of the Wild | 1 | |
12 total
» buildings
| Altar of Storms | 1 | |
| Orc Burrow | 5 | |
| Barracks | 1 | |
| Voodoo Lounge | 1 | |
| War Mill | 1 | |
| Stronghold | 1 | |
| Watch Tower | 2 | |
| Beastiary | 2 | |
| Fortress | 1 | |
| Ancient of Lore | 2 | |
| Moon Well | 1 | |
18 total
» build order
00:08 Altar of Storms
00:12 Orc Burrow
00:43 Barracks
01:36 Orc Burrow
02:12 Voodoo Lounge
02:59 War Mill
03:29 Stronghold
04:54 Orc Burrow
05:10 Watch Tower
05:23 Watch Tower
06:24 Beastiary
06:35 Beastiary
08:10 Orc Burrow
09:41 Fortress
11:29 Orc Burrow
21:17 Ancient of Lore
21:23 Ancient of Lore
21:30 Moon Well
» items
| Healing Salve | 3 | |
| Lesser Clarity Potion | 3 | |
| Scroll of Speed | 2 | |
| Scroll of Town Portal | 1 | |
| Orb of Lightning | 2 | |
11 total

»
themailman (
teal | 37 APM | 1149 actions | 31:00)
4 Blademaster
2 Critical Strike
2 Wind Walk
3 Shadow Hunter
2 Healing Wave
1 Hex
» actions
| Basic commands | 2 | |
| Build / train | 93 | |
| Enter build submenu | 23 | |
| Enter hero's abilities submenu | 7 | |
| Give item / drop item | 1 | |
| Remove unit from queue | 6 | |
| Right click | 503 | |
| Select / deselect | 440 | |
| Use ability | 74 | |
1149 total
» units
| Peon | 28 | |
| Troll Headhunter/Berserker | 12 | |
| Shaman | 5 | |
| Troll Witch Doctor | 6 | |
| Tauren | 6 | |
| Druid of the Claw | 2 | |
| Dryad | 2 | |
61 total
» upgrades
| Troll Regeneration | 1 | |
| Shaman Training | 2 | |
| Witch Doctor Training | 2 | |
| Berserker Upgrade | 1 | |
| Pulverize | 1 | |
| Armor | 1 | |
| Ranged Weapons | 1 | |
| Melee Weapons | 1 | |
10 total
» buildings
| Altar of Storms | 1 | |
| Orc Burrow | 7 | |
| War Mill | 1 | |
| Barracks | 2 | |
| Voodoo Lounge | 1 | |
| Great Hall | 1 | |
| Stronghold | 1 | |
| Watch Tower | 6 | |
| Spirit Lodge | 2 | |
| Fortress | 1 | |
| Tauren Totem | 2 | |
25 total
» build order
00:21 Altar of Storms
00:31 Orc Burrow
00:43 War Mill
01:04 Barracks
01:44 Orc Burrow
01:58 Voodoo Lounge
04:16 Great Hall
04:45 Stronghold
05:17 Orc Burrow
05:38 Watch Tower
05:40 Watch Tower
05:43 Watch Tower
05:51 Watch Tower
06:09 Barracks
08:23 Spirit Lodge
08:26 Spirit Lodge
08:31 Fortress
08:53 Watch Tower
09:01 Watch Tower
12:24 Orc Burrow
15:20 Tauren Totem
15:51 Tauren Totem
16:52 Orc Burrow
17:57 Orc Burrow
18:02 Orc Burrow
» items
| Healing Salve | 2 | |
| Tiny Great Hall | 2 | |
| Orb of Lightning | 1 | |
| Scroll of Town Portal | 1 | |
6 total
faast (
pink | 44 APM | 1370 actions | 31:13)
5 Blood Mage
3 Flame Strike
2 Siphon Mana
4 Mountain King
2 Storm Bolt
2 Bash
1 Keeper of the Grove
1 Entangling Roots
» actions
| Basic commands | 29 | |
| Build / train | 119 | |
| Enter build submenu | 47 | |
| Enter hero's abilities submenu | 10 | |
| Remove unit from queue | 2 | |
| Right click | 447 | |
| Select / deselect | 611 | |
| Use ability | 105 | |
1370 total
» units
| Peasant | 10 | |
| Footman | 8 | |
| Goblin Shredder | 1 | |
| Rifleman | 8 | |
| Wisp | 9 | |
| Priest | 5 | |
| Archer | 10 | |
| Knight | 12 | |
| Mortar Team | 3 | |
66 total
» upgrades
| Defend | 1 | |
| Swords | 3 | |
| Gunpowder | 3 | |
| Plating | 3 | |
| Masonry | 2 | |
| Priest Training | 2 | |
| Magic Sentry | 1 | |
| Long Rifles | 1 | |
| Animal War Training | 1 | |
| Strength of the Moon | 1 | |
| Moon Armor | 1 | |
| Strength of the Wild | 1 | |
| Reinforced Hides | 1 | |
21 total
» buildings
| Altar of Kings | 1 | |
| Barracks | 2 | |
| Farm | 14 | |
| Scout Tower | 16 | |
| Arcane Tower | 4 | |
| Blacksmith | 1 | |
| Town Hall | 2 | |
| Lumber Mill | 1 | |
| Guard Tower | 6 | |
| Keep | 1 | |
| Arcane Vault | 1 | |
| Arcane Sanctum | 1 | |
| Castle | 1 | |
| Altar of Elders | 1 | |
| Ancient of War | 1 | |
| Moon Well | 8 | |
| Hunter's Hall | 1 | |
| Tree of Ages | 1 | |
| Tree of Eternity | 1 | |
| Workshop | 1 | |
| Tree of Life | 2 | |
67 total
» build order
00:10 Altar of Kings
00:15 Barracks
00:26 Farm
00:57 Farm
01:36 Farm
02:41 Scout Tower
03:05 Farm
03:10 Arcane Tower
03:51 Blacksmith
04:42 Town Hall
04:49 Farm
05:08 Lumber Mill
06:13 Scout Tower
06:21 Scout Tower
08:10 Guard Tower
08:27 Keep
08:38 Farm
08:44 Farm
08:57 Arcane Vault
09:36 Farm
09:51 Scout Tower
09:52 Scout Tower
09:56 Scout Tower
09:57 Scout Tower
10:01 Scout Tower
10:20 Barracks
10:50 Arcane Sanctum
10:53 Castle
11:27 Guard Tower
11:29 Guard Tower
11:32 Arcane Tower
12:19 Altar of Elders
12:21 Ancient of War
12:24 Moon Well
14:05 Moon Well
14:33 Hunter's Hall
15:04 Moon Well
15:11 Moon Well
16:32 Farm
16:32 Farm
16:32 Farm
17:02 Tree of Ages
17:20 Moon Well
17:25 Moon Well
19:42 Scout Tower
19:42 Scout Tower
19:42 Scout Tower
20:29 Tree of Eternity
20:46 Guard Tower
20:49 Scout Tower
20:50 Scout Tower
20:55 Scout Tower
20:55 Scout Tower
21:19 Farm
21:19 Farm
21:27 Arcane Tower
21:30 Guard Tower
22:00 Arcane Tower
22:03 Town Hall
23:46 Moon Well
23:47 Moon Well
24:25 Scout Tower
25:34 Workshop
26:03 Guard Tower
29:32 Farm
29:45 Tree of Life
30:44 Tree of Life
» items
| Scroll of Town Portal | 3 | |
| Orb of Fire | 1 | |
4 total
Chat log
(00:17 / Allies) lllove: purple is a mher
(00:28 / Allies) lllove: heads up
(00:39 / All) lllove: purple is a mher
(00:40 / Allies) mecanim: we rush?
(00:56 / Allies) mecanim: mass ftmn for rush
(01:01 / Allies) mattybatty: k
(01:10 / All) ThugMasteR: dude u mh and smurf
(01:12 / All) ThugMasteR: pussy
(01:12 / All) lllove: why cheat on a 14 yo old game
(01:21 / All) lllove: how do I mh, retard
(01:23 / All) ThugMasteR: why smurf
(01:27 / All) lllove: you followed me twice and then dusted me
(01:31 / All) lllove: no way to know I was there
(01:31 / All) ThugMasteR: fuckn retard
(01:37 / All) lllove: you made it painfully obvious
(01:58 / All) ThugMasteR: u mh and call me out
(02:00 / All) lllove: what do you mean "exactly" lol
(02:02 / All) ThugMasteR: hypocrite
(02:07 / All) lllove: like no one mhs just cuz it's stupid
(02:11 / All) lllove: Explain how I mh lawl
(02:16 / All) lllove: I just explained how you do
(02:24 / All) ThugMasteR: called fog detector
(02:30 / All) ThugMasteR: mayb u should google it noob
(02:41 / All) lllove: you're a lying POS
(02:55 / All) ThugMasteR: yeah ok noob
(02:57 / All) lllove: are you proud of your rnaks
(03:06 / All) lllove: you need a crutch and call others noobs
(03:27 / All) lllove: SEE LOL
(03:31 / All) lllove: HE KNEW EXACTLY WHERE I WAS
(03:34 / All) lllove: AND MY WEAK PEONS
(03:37 / All) ThugMasteR: see ui gettn raped
(03:43 / All) lllove: mher
(04:06 / All) lllove: if you let this piece of shit win you have no integrity
(04:25 / All) ThugMasteR: cry noob
(04:27 / All) ThugMasteR: mh nerd
(04:34 / All) lllove: he's ranked 7 solo lol
(04:37 / All) lllove: thanks to mh
(04:41 / Allies) lllove: blue
(04:44 / Allies) lllove: why would you take my greens
(04:48 / Allies) lllove: after I got hit by blademaste
(05:07 / Allies) mecanim: rush now
(05:11 / Allies) mattybatty: rdy
(05:20 / Allies) lllove: blue are you serious man
(05:24 / Allies) lllove: I need level 3
(05:27 / Allies) lllove: and you just fucke dme
(05:51 / Allies) mecanim: we rush ?
(06:50 / All) lllove: purple is the jew that cries out as he strikes you
(06:55 / Allies) mecanim: nice rush we have
(06:59 / All) ThugMasteR: rofl?
(07:00 / All) lllove: LOL
(07:03 / All) lllove: purple uis bottom base
(07:08 / All) lllove: and came to creepjack me
(07:12 / All) lllove: knowing exactly wehree Iw as
(08:25 / Allies) mecanim: tp
(08:30 / Allies) mecanim: tp akl
(08:30 / Allies) lllove: it's dead
(08:39 / Allies) mecanim: tp all
(08:43 / Allies) lllove: how
(08:52 / Allies) mecanim: th x all
(09:06 / Allies) lllove: ddue it had 1-8th health
(09:27 / Allies) lllove: wyvs!
(09:30 / Allies) lllove: WYVS
(09:34 / Allies) lllove: omg
(09:44 / Allies) lllove: dude you target air with your fucking gargs
(09:45 / All) ThugMasteR: rape
(09:46 / Allies) lllove: they kill it fast
(09:48 / All) ThugMasteR: 2 ez
(09:52 / All) ThugMasteR: mk down
(09:55 / Allies) mecanim: thx for let my exp die
(09:56 / All) ThugMasteR: expo down
(09:57 / All) lllove: if it's so easy
(09:58 / All) lllove: why mh
(10:04 / All) ThugMasteR: 2 rifles
(10:06 / All) lllove: mh
(12:31 / Allies) lllove: back green
(12:34 / Allies) lllove: tp out
(13:42 / Allies) mirumir: really mh
(13:52 / Allies) lllove: purple 100% does
(14:13 / Allies) lllove: bacfk blue
(14:14 / Allies) lllove: back blue
(14:15 / Allies) lllove: back blue
(14:20 / Allies) lllove: blue is terrible man
(14:41 / All) lllove: blue is GOOD
(15:56 / All) lllove: lol red
(15:58 / All) lllove: *prup
(16:09 / All) lllove: despicable pos
(17:52 / Allies) lllove: BACK BLUE
(17:53 / Allies) lllove: idiot
(17:56 / Allies) lllove: he's just feeding htem!
(18:10 / Allies) lllove: GREEN
(18:12 / Allies) lllove: ATTACK THEN
(18:13 / Allies) lllove: GREEN
(18:23 / Allies) lllove: NEXAT BASE
(18:40 / Allies) lllove: NEXT BASE
(18:41 / Allies) lllove: NEXT BASE
(18:58 / Allies) lllove: tp green
(19:10 / Allies) lllove: TP GREEN
(19:19 / Allies) lllove: TP GREEN
(19:20 / Allies) lllove: WTF
(19:21 / Allies) lllove: YOU MORON
(19:30 / All) lllove: goddamn with allies like this who needs enemies
(19:37 / Allies) lllove: green you just gave them the win thanks
(19:58 / Allies) lllove: green what's your IQ
(19:59 / Allies) lllove: 80?
(20:06 / Allies) lllove: How do you think that's a good decision
(20:09 / Allies) lllove: to firstly linger at purple
(20:10 / Allies) lllove: then not tp
(20:12 / Allies) lllove: to make it 3v4
(20:19 / Allies) lllove: we had the adavantage and yoi ujust gave it away
(20:36 / All) lllove: whoops
(21:02 / All) lllove: if green tped it would have been game over
(21:11 / All) lllove: back blue
(21:13 / Allies) lllove: just defend your base
(21:56 / Allies) mecanim: all tp
(22:01 / Allies) lllove: NO
(22:02 / Allies) lllove: NO
(22:02 / Allies) lllove: NO
(22:03 / Allies) lllove: NO
(22:04 / Allies) lllove: it's dead
(22:15 / Allies) lllove: defend blue
(22:18 / Allies) lllove: otherwise press on
(22:27 / All) lllove: puirple why pretend you don't mh man
(22:42 / All) ThugMasteR: rofl
(22:45 / All) lllove: ROFL
(22:47 / All) lllove: MHER
(22:48 / All) ThugMasteR: aka red
(22:49 / All) lllove: durrr you're good
(22:52 / All) lllove: you know exactly hwree I am
(23:01 / All) lllove: SKILL!
(23:31 / Allies) lllove: hit yellow base
(23:52 / Allies) mattybatty: meet les go
(23:53 / Allies) lllove: teal expo then yellow base
(24:04 / Allies) lllove: teal expo then yellow base
(24:18 / All) lllove: why do you play for rank when yo ucheat LOL
(24:20 / All) lllove: and lie about it
(24:29 / All) lllove: you gotta be the biggest bitch ever
(25:18 / Allies) lllove: teal easy base
(25:20 / Allies) lllove: hit teal
(25:26 / Allies) lllove: hit his expo then his base or yellows
(26:15 / Allies) lllove: wow
(26:16 / Allies) lllove: lol
(26:24 / Allies) lllove: are you purposefully ignoring my advice
(27:56 / Allies) mirumir: 150 gold ?
(28:08 / Allies) mirumir: txh all
(29:42 / Allies) mecanim: we meet
(30:07 / Allies) mecanim: they gere'
(30:09 / Allies) lllove: stick together